[Event "*** Qualifier 1: Titled Tuesday 3|2 Blitz"]
[Site "Chess.com"]
[Date "2017.04.04"]
[Round "2"]
[White "wonderfultime"]
[Black "MaestroASK"]
[Result "1/2-1/2"]
[WhiteElo "2664"]
[BlackElo "2482"]
[TimeControl "180+2"]
[EndTime "13:25:55 PDT"]
[Termination "Game drawn by repetition"]

1. d4 d6 2. e4 g6 3. Nc3 c6 4. Be3 e5 5. Nf3 Bg7 6. Bc4 Qe7 7. h3 Nd7 8. O-O Ngf6 9. a4 a5 10. Re1 O-O 11. Qd2 Ne8 12. Rad1 Kh8 13. Bg5 f6 14.
Bh6 Nc7 15. Ne2 Nb6 16. Bb3 Be6 17. Bxe6 Qxe6 18. b3 Qe7 19. Ng3 Rfd8 20. h4 Bxh6 21. Qxh6 Qg7 22. Qe3 Nd7 23. Rd2 Nf8 24. Red1 Qe7 25. h5 Nce6 26. dxe5 dxe5 27. hxg6 hxg6 28. Qb6 Rxd2 29. Rxd2 Qb4 30. Qe3 Kg7 31. Nh4 Nf4 32.
Nf1 Qe7 33. Ng3 Qb4 34. Nf1 Qe7 35. g3 N4e6 36. Nh2 Qc5 37. Qf3 Rd8 38. Rxd8 Nxd8 39. Ng4 Qe7 40. Qe3 Nf7 41. Qf3 Ng5 42. Qe3 Nfe6 43.
Kg2 Qc5 44. Qd2 Qd4 45. Qxa5 Qxe4+ 46. f3 Nxf3 47. Nxf3 Qxg4 48. Qd2 Nf4+ 49. Kf2 Nh3+ 50. Kg2 Ng5 51. Nxg5 fxg5 52. Qe3 e4 53. Qd4+ Kh7 54. Qe3 Qf5 55. b4 g4 56. c4 Kg7 57. Qd4+ Kf7 58. b5 cxb5 59. cxb5 Qf3+ 60. Kh2 Qe2+ 61. Kg1 Qe1+ 62. Kg2 Qe2+ 63. Kg1 Qe1+ 64. Kg2 Qe2+ 65.
Kg1 1/2-1/2

[Event "*** Qualifier 1: Titled Tuesday 3|2 Blitz"]
[Site "Chess.com"]
[Date "2017.04.04"]
[Round "2"]
[White "Yaacovn"]
[Black "nihalsarin"]
[Result "0-1"]
[WhiteElo "2598"]
[BlackElo "2542"]
[TimeControl "180+2"]
[EndTime "13:25:59 PDT"]
[Termination "nihalsarin won by resignation"]

1. d4 d5 2. Nf3 Nf6 3. Bf4 Bf5 4. e3 e6 5. c4 Nc6 6. Nc3 dxc4 7. Bxc4 Bd6 8. Bg5 Be7 9. Bb5 O-O 10. O-O Nb4 11. Rc1 c6 12. Be2 Ne4 13. Bxe7 Qxe7 14.
Nxe4 Bxe4 15. a3 Nd5 16. Nd2 Bg6 17. Bf3 Rfd8 18. Nc4 f6 19. Qb3 a5 20. h3 a4 21. Qd1 Ra6 22. Qe2 Nb6 23. Nd2 Ra5 24. Ne4 e5 25. dxe5 Rxe5 26. Nd2 Bd3 27. Qe1 Bxf1 28.
Nxf1 Rb5 29. Qc3 Qe5 30. Qxe5 Rxe5 31. Rc2 Nd7 32. Rd2 Kf8 33. Ng3 Ke7 34. Bg4 g6 35.
Nf1 Nc5 36. Rc2 Nd3 37. Be2 Rb5 38. Rc3 Rb3 39. Rc2 Nxb2 40. Nd2 Rb6 41. g4 Nd3 42. Nc4 Rb1+ 43. Bf1 Rb3 44. Kh2 Ne5 45. Na5 Rxa3 46. Nxb7 Rd1 47. Bg2 Rb1 48. Nc5 Raa1 49. f4 Nd7 50.
Nd3 a3 51. Rxc6 a2 52. Ra6 Rd1 53. Nb4 Rd2 54. Kg3 Rg1 55. Nc6+ Kf8 56. Ra8+ Kg7 57. Ra7 Rgxg2+ 58. Kf3 f5 59. gxf5 gxf5 60. e4 fxe4+ 61.
Kxe4 Kf6 62. Kf3 Nc5 63. Ne5 Nb3 64. Ng4+ Rxg4 65. hxg4 a1=Q 66. g5+ Ke6 0-1

[Event "*** Qualifier 1: Titled Tuesday 3|2 Blitz"]
[Site "Chess.com"]
[Date "2017.04.04"]
[Round "2"]
[White "twitchTriniCupid"]
[Black "rst2003"]
[Result "0-1"]
[WhiteElo "2145"]
[BlackElo "2086"]
[TimeControl "180+2"]
[EndTime "13:26:01 PDT"]
[Termination "rst2003 won by resignation"]

1. d4 Nf6 2. c4 g6 3. Nc3 Bg7 4. Nf3 O-O 5. e3 d6 6. Be2 c5 7. O-O Nc6 8. b3 Bd7 9. Bb2 a6 10. d5 Na5 11. Qc2 Rb8 12. e4 b5 13.
cxb5 axb5 14. Rad1 Qb6 15. e5 dxe5 16. Nxe5 Bf5 17.
Qc1 Rfd8 18. Bxb5 Nh5 19. Nc4 Nxc4 20. Bxc4 Ra8 21. a3 Be5 22. Na4 Bxb2 23. Nxb6 Bxc1 24. Nxa8 Bxa3 25. Nc7 Nf4 26. Na6 Bc8 27. Rfe1 Kf8 28. g3 Nh3+ 29. Kg2 Ng5 30. f3 f6 31. Nc7 Bb4 32. Re2 h5 33. h4 Nf7 34. d6 Nxd6 35. Ne6+ Bxe6 36. Bxe6 Ra8 37. Bd5 Ra7 38. Rd3 Nb5 39.
g4 Nd4 40. Rxd4 cxd4 41. Bc4 Rd7 42. Bd3 hxg4 43. fxg4 Kg7 44. h5 gxh5 45. gxh5 e5 46. Bg6 Kh6 47. Bd3 Kxh5 48. Kf3 Rd6 49. Ke4 Kg4 50.
Rg2+ Kh3 51. Rg8 Bd2 52. Rf8 Bg5 53. Kf5 Kg3 54. Rc8 Kf3 55. Be4+ Ke3 56. b4 d3 57.
Rc1 d2 58. Rd1 Ke2 59. Bc2 Rc6 60. Ba4 Rc4 61. Bb5 Kxd1 62. Bxc4 Ke1 63. Bb3 d1=Q 64. Bxd1 Kxd1 65. b5 Kd2 66. b6 Be3 67. b7 Ba7 68.
Kxf6 e4 69. Ke6 e3 70. Kd7 0-1

[Event "*** Qualifier 1: Titled Tuesday 3|2 Blitz"]
[Site "Chess.com"]
[Date "2017.04.04"]
[Round "2"]
[White "Sethu0025"]
[Black "Buffy7"]
[Result "1-0"]
[WhiteElo "2618"]
[BlackElo "2518"]
[TimeControl "180+2"]
[EndTime "13:26:02 PDT"]
[Termination "Sethu0025 won by resignation"]

1. e4 c5 2. Nf3 Nc6 3. d4 cxd4 4. Nxd4 Nf6 5. Nc3 e5 6. Ndb5 d6 7. Bg5 a6 8. Na3 b5 9. Nd5 Be7 10. Bxf6 Bxf6 11. c4 b4 12. Nc2 O-O 13. Be2 Bg5 14. Ncxb4 Nxb4 15. Nxb4 Qb6 16. Nd3 f5 17. exf5 e4 18. Nc1 Qa5+ 19. Kf1 Qxf5 20. Qd5+ Qxd5 21. cxd5 a5 22. Bc4 a4 23. Ke2 Bg4+ 24. Ke1 Rab8 25.
b3 Bf6 26. Rb1 Rfc8 27. Be2 Bf5 28. g4 Bg6 29. h4 a3 30. h5 Bf7 31. Bd1 Bxd5 32.
Rh3 Bf7 33. Ne2 d5 34. f3 e3 35. Rc1 Rxc1 36. Nxc1 Rc8 37. Nd3 d4 38. Rh2 Ra8 39. Bc2 h6 40. Bb1 Bd5 41. Rh3 Rc8 42. Ke2 Rc3 43. Rh1 Bb7 44. Rc1 Rxc1 45. Nxc1 Kf7 46. Bd3 Ke7 47. Bc4 Kd6 48. Nd3 Bc6 49. Nf4 Be5 50.
Nd3 Bf6 51. Nb4 Bb7 52. Nd3 Bc6 53. b4 Ba4 54. b5 Bc2 55. Nb4 Bb1 56. Bd3 Bxd3+ 57.
Nxd3 Kc7 58. Nb4 Be5 59. Nc2 Kb6 60. Nxa3 Bf6 61. Kd3 Ka5 62. f4 Bh4 63. Nc2 Bf6 64.
g5 hxg5 65. fxg5 Bxg5 66. Nxd4 Bf6 67. Kxe3 Bg5+ 68. Ke4 Bf6 1-0

[Event "*** Qualifier 1: Titled Tuesday 3|2 Blitz"]
[Site "Chess.com"]
[Date "2017.04.04"]
[Round "2"]
[White "severomorskij"]
[Black "Spartakus1975"]
[Result "1/2-1/2"]
[WhiteElo "2635"]
[BlackElo "2515"]
[TimeControl "180+2"]
[EndTime "13:26:08 PDT"]
[Termination "Game drawn by repetition"]

1. d4 d5 2. c4 c6 3. Nc3 Nf6 4. e3 a6 5. Qc2 e6 6. Nf3 Nbd7 7. b3 Bd6 8. Bb2 O-O 9. Be2 Qe7 10. O-O e5 11. dxe5 Nxe5 12. cxd5 cxd5 13. Rad1 Be6 14. Nxe5 Bxe5 15. Bf3 Rac8 16. Qd2 Qc7 17.
Rc1 Qd6 18. g3 Rfd8 19. Rfd1 Bf5 20. Nxd5 Rxc1 21. Qxc1 Ne4 22. Bxe4 Bxe4 23. Bxe5 Qxe5 24. Nc3 Rxd1+ 25. Qxd1 Bc6 26. Qd8+ Be8 27. Qd4 Qe6 28. Nd5 Qd6 29. e4 Bc6 30. Kg2 h5 31. h4 Qe6 32.
Nc3 Qg4 33. Qe3 Qe6 34. Qd4 Qg4 35. Qe5 g6 36. Nd5 Bxd5 37. Qxd5 Qc8 38. e5 b5 39. Qe4 Kg7 40. Qf3 Qe6 41. Qe4 Qd7 42. Qf4 Qd5+ 43. Kh2 Qc6 44. Qd4 Qe6 45. Qe3 Qd5 46. a4 bxa4 47. bxa4 a5 48. Qf4 Qc6 49. Qd4 Kh7 50. Qe3 Qxa4 51. e6 fxe6 52. Qxe6 Qd4 53. Qf7+ Kh6 54.
Qf8+ Kh7 55. Qf7+ Kh6 56. Qf8+ Kh7 57. Qf7+ Qg7 58. Qe8 Qa7 59. f4 a4 60. f5 Qf2+ 61.
Kh1 Qf1+ 62. Kh2 Qf2+ 63. Kh1 Qf3+ 64. Kh2 Qf2+ 65. Kh1 1/2-1/2

[Event "*** Qualifier 1: Titled Tuesday 3|2 Blitz"]
[Site "Chess.com"]
[Date "2017.04.04"]
[Round "2"]
[White "OparinGrigoriy"]
[Black "RitvarsReimanis"]
[Result "1/2-1/2"]
[WhiteElo "2589"]
[BlackElo "2431"]
[TimeControl "180+2"]
[EndTime "13:26:13 PDT"]
[Termination "Game drawn - insufficient material"]

1. e4 c5 2. Nf3 Nc6 3. d4 cxd4 4.
Nxd4 Nf6 5. Nc3 d6 6. Bg5 e6 7. Qd2 a6 8. O-O-O Bd7 9. f3 h6 10. Be3 Rc8 11. Kb1 b5 12. Nxc6 Bxc6 13. Ne2 e5 14.
Nc3 Be7 15. g4 Qa5 16. a3 Qc7 17. h4 Qb7 18. Bd3 b4 19. axb4 Qxb4 20. g5 Nh5 21. gxh6 g6 22. Nd5 Qxd2 23. Rxd2 Bxd5 24. exd5 a5 25. c3 f5 26. Kc2 Kf7 27. Ra1 Ra8 28. Bg5 Nf4 29. Bb5 Nh3 30. Bc6 Ra7 31. b4 Nxg5 32. hxg5 Bxg5 33. Rg2 Bd8 34. Rh2 Kf6 35. Kb3 Rhh7 36. Rha2 Rxh6 37. bxa5 Rh3 38. a6 Rxf3 39. Kc4 Rf4+ 40. Kb5 e4 41. Bb7 e3 42. Rh2 Re4 43. Rh8 Ke7 44. Bc6 Bc7 45.
Re8+ Kf6 46. Rxe4 fxe4 47. Re1 Ke5 48. Rxe3 Kf4 49. Re1 e3 50. Bb7 Kf3 51. Kc6 Ba5 52. Rf1+ Ke4 53. c4 e2 54. Rh1 Kd4 55. c5 dxc5 56.
Rh4+ Ke5 57. Rh1 e1=Q 58. Rxe1+ Bxe1 59. Kxc5 g5 60. d6 Bb4+ 61. Kxb4 Kxd6 62. Kc4 Ke5 63. Kd3 Kd6 64. Ke3 Kc7 65. Kf3 Rxb7 66. axb7 Kxb7 67. Kg4 Kb6 68. Kxg5 1/2-1/2

[Event "*** Qualifier 1: Titled Tuesday 3|2 Blitz"]
[Site "Chess.com"]
[Date "2017.04.04"]
[Round "2"]
[White "RichardLeyvaP"]
[Black "sergiochess83"]
[Result "0-1"]
[WhiteElo "2357"]
[BlackElo "2668"]
[TimeControl "180+2"]
[EndTime "13:26:22 PDT"]
[Termination "sergiochess83 won on time"]

1. e4 c5 2. Nf3 e6 3. d4 cxd4 4.
Nxd4 Nc6 5. Nc3 d6 6. Be3 Nf6 7. f3 Be7 8. Qd2 O-O 9. O-O-O a6 10. g4 Nxd4 11. Bxd4 b5 12. Kb1 Qc7 13. g5 Nd7 14. h4 b4 15. Na4 Rb8 16. Qf2 Bb7 17. Ba7 Rbc8 18. Nb6 Nxb6 19. Bxb6 Qc6 20. Rg1 a5 21.
Bd4 e5 22. Be3 a4 23. Bd3 Ba6 24. Qe2 Bxd3 25. Qxd3 Rc7 26. h5 Rfc8 27. Rg2 Qc4 28. Qxc4 Rxc4 29. Rd3 Kf8 30. b3 axb3 31. cxb3 R4c6 32.
Rg1 Ke8 33. Rc1 Rxc1+ 34. Bxc1 Kd7 35. Bd2 Rb8 36. Kb2 Ke6 37. Rd5 f6 38. gxf6 gxf6 39. a3 bxa3+ 40. Kxa3 f5 41. b4 Rg8 42. b5 Rg3 43. b6 Rxf3+ 44. Ka4 fxe4 45. b7 Rf8 46.
Rb5 Rb8 47. Be3 Bd8 48. Ba7 Bc7 49. Bxb8 Bxb8 50. Ra5 Kd7 51. Kb4 Kc6 52. Kc4 Kxb7 53. Kd5 e3 54. Rb5+ Kc7 55. Rb2 Ba7 56. Rc2+ Kd7 57. Rb2 Bd4 58. Rg2 Ke7 59. h6 Bc5 60. Ke4 Ke6 61. Kd3 d5 62. Rg7 e4+ 63. Ke2 d4 64.
Rxh7 d3+ 65. Kf1 e2+ 66. Kg2 e1=Q 0-1

[Event "*** Qualifier 1: Titled Tuesday 3|2 Blitz"]
[Site "Chess.com"]
[Date "2017.04.04"]
[Round "2"]
[White "FearlessKing64"]
[Black "jeaston1"]
[Result "0-1"]
[WhiteElo "2115"]
[BlackElo "2159"]
[TimeControl "180+2"]
[EndTime "13:26:35 PDT"]
[Termination "jeaston1 won by resignation"]

1. e4 c5 2. Nf3 Nc6 3. d4 cxd4 4.
Nxd4 Nf6 5. Nc3 e5 6. Ndb5 d6 7.
Nd5 Nxd5 8. exd5 Nb8 9. Qf3 a6 10. Qa3 Be7 11. Bg5 f6 12. Bd2 O-O 13. Bb4 Bf5 14. Nxd6 a5 15. Bc5 b6 16. Nxf5 Bxc5 17. Qg3 Qd7 18. Qg4 g6 19. Nh6+ Kg7 20. Qxd7+ Nxd7 21. Ng4 f5 22. Ne3 f4 23. Nc4 Nf6 24.
O-O-O e4 25. d6 Bxf2 26. Kb1 Bc5 27. Ne5 Rfe8 28. Nc6 Nd7 29. Bb5 e3 30. Rhe1 Nf6 31. d7 Red8 32. Nxd8 Rxd8 33. Bc6 g5 34. h3 h5 35. c3 g4 36. hxg4 hxg4 37. Rh1 Kf7 38. a3 Ke7 39. b4 axb4 40. axb4 Bd6 41. Rh6 Be5 42. Rg6 e2 43. Re1 Kf7 44. Rxf6+ Kxf6 45. Rxe2 Kf5 46. Kc2 Kf6 47. Kd3 Kf5 48. c4 f3 49.
gxf3 gxf3 50. Rf2 Kg4 51. Bxf3+ Kg3 52. Bc6 Kxf2 53. Ke4 Bc7 54. Kd5 Ke3 55. Bb5 Rf8 56. Kc6 Bd8 57. Kb7 Kd4 58. Kc8 Be7+ 59. Kb7 Bxb4 60.
Kxb6 Be7 61. Kc7 Bd8+ 62. Kb7 Kc5 63. Ka6 Kd6 64. Kb7 Ba5 65. Ka6 Bb4 66. Kb7 Bc5 67.
Bc6 Rd8 68. Bb5 Bb4 69. Bc6 Ba5 70. Bb5 Rf8 71. Ka6 Bd8 72. Kb7 Rf5 73. Ka6 Rc5 74. Kb7 Rc7+ 75. Ka6 Kc5 76. Ba4 Kxc4 77. Kb6 Rxd7+ 78.
Kc6 Rc7+ 0-1

[Event "*** Qualifier 1: Titled Tuesday 3|2 Blitz"]
[Site "Chess.com"]
[Date "2017.04.04"]
[Round "2"]
[White "OldweakGM"]
[Black "AlexanderL"]
[Result "0-1"]
[WhiteElo "2599"]
[BlackElo "2548"]
[TimeControl "180+2"]
[EndTime "13:26:36 PDT"]
[Termination "AlexanderL won on time"]

1. Nf3 d5 2. d4 Nf6 3. Bf4 c5 4.
e3 Nc6 5. c3 Qb6 6. Qb3 c4 7.
Qc2 Bf5 8. Qc1 Nh5 9. Bg3 h6 10. Nbd2 Qd8 11. Be5 f6 12. Bg3 e5 13. Be2 Nxg3 14.
hxg3 g5 15. b3 b5 16. a4 a6 17. dxe5 Nxe5 18. Nxe5 fxe5 19. e4 dxe4 20. bxc4 b4 21. Bh5+ Kd7 22. Nf1 Kc7 23. Ne3 Be6 24. O-O Bc5 25.
cxb4 Bd4 26. Ra3 Rc8 27. c5 Kb8 28. Nc4 Rf8 29. Nd6 Rxf2 30. Rxf2 Qxd6 31. Re3 Bxe3 32. Qxe3 Qd4 33. Re2 Qxb4 34. Kh2 Rxc5 35. Rb2 Qxb2 36. Qxc5 Qd4 37. Qf8+ Kc7 38. Qe7+ Bd7 39. Bg4 Qd6 40.
Qg7 Kc6 41. Be2 Kc5 42. Qg8 Be6 43. Qa8 Bd5 44. Qa7+ Qb6 45. Qe7+ Kd4 46. Qa3 Qa5 47. Qb2+ Ke3 48. Bf1 Qd2 49. Qxe5 Kf2 50. Bxa6 Ke1 51.
Qa1+ Qd1 52. Qc3+ Qd2 53. Qf6 Qd1 54. Qf1+ Kd2 55. Qf2+ Kc3 56. Qc5+ Kb3 57. Bb5 Qd2 58. Bc6 Bxc6 59. Qxc6 e3 60. Qb5+ Ka3 61. a5 e2 62.
Qc5+ Ka4 63. a6 e1=Q 64. a7 Qxg3+ 65. Kxg3 Qf4+ 0-1

[Event "*** Qualifier 1: Titled Tuesday 3|2 Blitz"]
[Site "Chess.com"]
[Date "2017.04.04"]
[Round "2"]
[White "alturas_pacificas"]
[Black "micfel"]
[Result "0-1"]
[WhiteElo "2042"]
[BlackElo "2147"]
[TimeControl "180+2"]
[EndTime "13:26:48 PDT"]
[Termination "micfel won by checkmate"]

1. d4 d5 2. Bf4 c5 3. e3 Nc6 4. c3 e6 5. Nf3 Nf6 6. Nbd2 Bd6 7. Bg3 O-O 8. Bd3 b6 9. Ne5 Bb7 10. f4 Ne7 11. Qf3 Nf5 12. Bxf5 exf5 13. Bh4 Be7 14. Bxf6 Bxf6 15. O-O Be7 16. Qh3 f6 17. Nef3 Qd7 18. Rfe1 Rfe8 19. Nh4 g6 20.
Nf1 Bd6 21. Nf3 Re7 22. Qg3 Rae8 23. h4 Qb5 24. h5 Kf7 25. hxg6+ hxg6 26. Qf2 Rh8 27.
g3 Kf8 28. Kg2 Reh7 29. Rab1 Qc4 30. N1d2 Qxa2 31. Rh1 Rxh1 32. Rxh1 Rxh1 33. Kxh1 Qxb2 34. Qh2 Kg7 35. Qh4 Qxc3 36. g4 Qxe3 37. g5 fxg5 38. fxg5 Qe6 39. Qh6+ Kg8 40. Nf1 Bf8 41. Qh2 cxd4 42.
Qc7 Ba6 43. N1d2 Be2 44. Qxa7 Bxf3+ 45. Nxf3 Qe4 46. Kg2 Qe2+ 47. Kg1 Qxf3 48. Qb7 Qg4+ 49. Kh1 Qxg5 50. Qd7 Qh4+ 51. Kg2 Qe4+ 52. Kg1 d3 53.
Qc6 f4 54. Qc3 Bc5+ 55. Kh2 f3 56. Kg3 Bd6+ 57. Kf2 Qe2+ 58. Kg1 f2+ 59. Kg2 f1=Q# 0-1

[Event "*** Qualifier 1: Titled Tuesday 3|2 Blitz"]
[Site "Chess.com"]
[Date "2017.04.04"]
[Round "2"]
[White "Rbrrt"]
[Black "PowerThinking2650"]
[Result "0-1"]
[WhiteElo "2095"]
[BlackElo "2168"]
[TimeControl "180+2"]
[EndTime "13:26:52 PDT"]
[Termination "PowerThinking2650 won on time"]

1. e4 e5 2. Nf3 Nc6 3. d4 exd4 4.
Nxd4 Nf6 5. Nxc6 bxc6 6. Bd3 d5 7. e5 Ng4 8. Qe2 Bc5 9. O-O Qh4 10. h3 Nh6 11. Nc3 Bxh3 12. Qf3 Bg4 13. Qf4 Qh5 14.
Na4 Be7 15. f3 Be6 16. g4 Qh3 17. Rf2 g5 18. Qh2 Qxh2+ 19. Rxh2 Ng8 20. Be3 h6 21.
Nc5 Bxc5 22. Bxc5 Ne7 23. Be3 Kd7 24. Kf2 Ng6 25. Bxg6 fxg6 26. Rah1 Raf8 27. Ke2 d4 28.
Bxd4 c5 29. Bxc5 Rf4 30. Be3 Rf7 31. Rxh6 Rhf8 32. Rh7 Bd5 33. Rxf7+ Rxf7 34. Rh3 Ke6 35. b3 Kxe5 36. Bxg5 Kd4 37. c4 Bc6 38. f4 a5 39. Kd2 Bd7 40. Rd3+ Kc5 41. Rd5+ Kb4 42.
Kc2 c6 43. a3+ Kxa3 44. Rxa5+ Kb4 45. Re5 Bxg4 46. f5 Bxf5+ 47. Kb2 Rd7 48. Be7+ c5 49. Bxc5+ Ka5 50. b4+ Ka6 51. b5+ Ka5 52. Re3 Rd2+ 53.
Kc1 Rd3 54. Re8 Rc3+ 55. Kb2 Rxc4 56. Be3 Kxb5 57. Re5+ Kc6 58. Kb3 Rg4 59. Kc3 Kd6 60. Ra5 Rg3 61. Kd4 Rg4+ 62. Kc3 Re4 63. Kd2 Ke6 64. Bg5 Rc4 65. Ke3 Be4 66. Bf4 Bd5 67. Ra6+ Kf5 68. Bb8 Rb4 69. Ra5 Ke6 70. Bf4 Rb3+ 71.
Kd4 Rb4+ 72. Ke3 Re4+ 73. Kf3 Ra4+ 0-1

[Event "*** Qualifier 1: Titled Tuesday 3|2 Blitz"]
[Site "Chess.com"]
[Date "2017.04.04"]
[Round "2"]
[White "Tirantes"]
[Black "Vamostodorecto"]
[Result "0-1"]
[WhiteElo "2192"]
[BlackElo "2349"]
[TimeControl "180+2"]
[EndTime "13:27:05 PDT"]
[Termination "Vamostodorecto won by checkmate"]

1. e4 e5 2. Nf3 Nc6 3. Bb5 a6 4.
Ba4 Nf6 5. O-O b5 6. Bb3 Bb7 7. d3 Bc5 8. Be3 d6 9. a3 O-O 10. Nc3 Nd7 11. Ba2 Ne7 12. Qd2 Kh8 13. d4 exd4 14. Nxd4 Ne5 15. Rae1 Ng4 16. Bg5 Qd7 17. h3 Ne5 18. Kh1 f6 19. Be3 f5 20.
Be6 Qe8 21. Nxf5 Nxf5 22. Bxf5 Qh5 23. f4 Nc4 24. Bg4 Nxd2 25. Bxh5 Bxe3 26. Rxe3 Nxf1 27.
Rd3 Rxf4 28. Bf3 Ng3+ 29. Kh2 Nxe4 30. g3 Rxf3 31. Rxf3 Nxc3 32. Rxc3 c5 33. Re3 Rb8 34. Re7 Kg8 35. g4 Kf8 36. Rd7 d5 37. Kg3 d4 38.
Kf4 Bc6 39. Rc7 Rb6 40. Ke5 h6 41. h4 Kg8 42. g5 hxg5 43. hxg5 Kh7 44. Kf5 Bg2 45.
Rxc5 Bh3+ 46. Ke5 Kg6 47. Kxd4 Bf5 48. b4 Kxg5 49. c4 bxc4 50. Kxc4 Kf6 51. a4 g5 52.
b5 axb5+ 53. axb5 g4 54. Kd4 Re6 55. Rc3 Kg5 56. Kc5 Re8 57. Kd6 Kf4 58. b6 g3 59. b7 g2 60. Rc1 Be4 61. Re1 Bxb7 62. Rxe8 g1=Q 63. Rf8+ Ke3 64. Re8+ Be4 65. Ke7 Qg7+ 66.
Kd8 Qg6 67. Ke7 Qg5+ 68. Kd7 Qd5+ 69. Ke7 Qc6 70. Rd8 Qb7+ 71. Rd7 Qb5 72. Rd6 Qc5 73.
Ke6 Kf4 74. Rd8 Bf5+ 75. Kf7 Qc7+ 76. Ke8 Bg6+ 77. Kf8 Qf7# 0-1

[Event "*** Qualifier 1: Titled Tuesday 3|2 Blitz"]
[Site "Chess.com"]
[Date "2017.04.04"]
[Round "2"]
[White "dhanushbharadwaj"]
[Black "tigra"]
[Result "0-1"]
[WhiteElo "2445"]
[BlackElo "2621"]
[TimeControl "180+2"]
[EndTime "13:27:18 PDT"]
[Termination "tigra won by resignation"]

1. Nf3 d5 2. c4 d4 3. g3 Nc6 4.
Bg2 e5 5. d3 Nf6 6. O-O h6 7.
a3 a5 8. e3 Be7 9. exd4 exd4 10. Re1 O-O 11. Nbd2 Bf5 12. Ne4 Nxe4 13. dxe4 Be6 14.
b3 a4 15. b4 Bxc4 16. Bb2 d3 17. Qd2 Qd7 18. Rac1 b5 19. Red1 Rfd8 20. Bf1 Qg4 21.
Qe3 f5 22. Bxd3 Rxd3 23. Rxd3 fxe4 24. h3 Qxf3 25. Qxf3 exf3 26. Rxf3 Rd8 27. Re1 Rd7 28.
Rfe3 Kf7 29. g4 Rd3 30. Rxd3 Bxd3 31. f4 Bc4 32. Rd1 Ke8 33. Kf2 g6 34. Ke3 Nd8 35. f5 gxf5 36. gxf5 c5 37. f6 Bf8 38. bxc5 Bxc5+ 39. Kf4 Be6 40. Ke5 Bxh3 41. Rh1 Bd7 42. Rc1 Be3 43.
Re1 Bf2 44. Re2 Bg3+ 45. Kd5+ Kf8 46. Re7 Bc6+ 47. Kc5 Be8 48. Rh7 Nf7 49. Rg7 Bf4 50. Bd4 Bd6+ 51. Kd5 Bxa3 52. Bf2 Bb4 53. Rg3 a3 54.
Rb3 a2 55. Bd4 Bd6 56. Re3 h5 57. Rh3 Be5 58. Bxe5 Nxe5 59. Ra3 Nd3 60. Kd6 Nc1 61.
Ra7 b4 62. Ke6 b3 63. Ra8 a1=Q 64. Rxa1 Na2 65. Rg1 Nc3 66. Rg2 Bf7+ 67. Ke5 Na4 68. Rd2 Kg8 69. Rd7 b2 70. Rb7 Bg6 71. Rb8+ Kh7 72.
f7 Bxf7 73. Kf6 Bg6 74. Rb7+ Kh6 75. Rb8 b1=Q 0-1

[Event "*** Qualifier 1: Titled Tuesday 3|2 Blitz"]
[Site "Chess.com"]
[Date "2017.04.04"]
[Round "2"]
[White "indfraeng"]
[Black "rithwik2002"]
[Result "0-1"]
[WhiteElo "1742"]
[BlackElo "1806"]
[TimeControl "180+2"]
[EndTime "13:27:26 PDT"]
[Termination "rithwik2002 won by checkmate"]

1. d4 Nf6 2. c4 e6 3. Nc3 d5 4.
cxd5 exd5 5. Bg5 Nbd7 6. Qc2 c6 7. e3 Be7 8. Bd3 O-O 9. Nf3 Re8 10. O-O Nf8 11.
Rab1 a5 12. a3 Ng6 13. b4 axb4 14. axb4 Bd6 15. b5 Bg4 16. bxc6 bxc6 17. Na4 Bxf3 18. gxf3 h6 19. Bxh6 Nh4 20. Bg5 Nxf3+ 21. Kg2 Nxg5 22. Qxc6 Qc8 23. Qxc8 Raxc8 24. Nb6 Rb8 25. h4 Nge4 26.
Bxe4 Nxe4 27. Nxd5 Rxb1 28. Rxb1 Nd2 29. Rd1 Ne4 30.
f3 Nf6 31. Nxf6+ gxf6 32. e4 f5 33. e5 Bc7 34. f4 f6 35. Rc1 Re7 36. exf6 Rd7 37.
Kf3 Kf7 38. Rc6 Bd6 39. d5 Kxf6 40. h5 Ke7 41. h6 Rd8 42. h7 Kd7 43. Ra6 Rh8 44. Ke2 Rxh7 45. Ra7+ Bc7 46. Ra6 Re7+ 47. Kf3 Re4 48. Rh6 Rxf4+ 49. Ke2 Re4+ 50. Kd3 Re5 51. Kd4 Re4+ 52. Kd3 Be5 53. Rh7+ Kd6 54. Rh5 Kxd5 55. Rxf5 Ra4 56. Ke3 Ra3+ 57. Kf2 Ke4 58. Rf8 Ra2+ 59. Kf1 Bf4 60. Re8+ Kf3 61. Re1 Be3 62.
Re2 Ra1+ 63. Re1 Ra2 64. Re2 Ra1+ 65. Re1 Ra3 66. Rd1 Bf4 67. Rb1 Ra2 68. Re1 Bg3 69.
Rd1 Rf2+ 70. Kg1 Rg2+ 71. Kf1 Rf2+ 72. Kg1 Rg2+ 73. Kh1 Rh2+ 74. Kg1 Ra2 75. Rf1+ Kg4 76. Rf8 Bf4 77. Re8 Kf3 78. Re1 Be3+ 79. Kh1 Bf4 80.
Kg1 Bg3 81. Rf1+ Kg4 82. Re1 Bxe1 83. Kf1 Bg3 84. Kg1 Kf3 85. Kf1 Ra1# 0-1

[Event "*** Qualifier 1: Titled Tuesday 3|2 Blitz"]
[Site "Chess.com"]
[Date "2017.04.04"]
[Round "2"]
[White "michaelk123"]
[Black "Th3ChessViking"]
[Result "0-1"]
[WhiteElo "2191"]
[BlackElo "2316"]
[TimeControl "180+2"]
[EndTime "13:27:28 PDT"]
[Termination "Th3ChessViking won by checkmate"]

1. d4 Nf6 2. Bf4 e6 3. Nd2 c5 4. e3 cxd4 5. exd4 Be7 6. c3 O-O 7. h3 b6 8. Ngf3 Bb7 9. Bd3 d6 10. O-O a6 11. Bh2 Nbd7 12. Re1 Qc7 13. a4 Rfe8 14. Nc4 Bf8 15. Qe2 Qc6 16. Ne3 g6 17.
Nc4 Nh5 18. Qd2 Rad8 19. Bf1 Nhf6 20. Qf4 Nd5 21. Qg5 h6 22. Qd2 N7f6 23. Bd3 Nh5 24. Bf1 Nhf6 25. Bg3 Nh5 26. Bh2 Bg7 27.
Qc1 Kh7 28. Qc2 Bf8 29. Qd2 Ndf6 30. Ne3 Ne4 31. Qc2 Nef6 32. Bd3 Qc7 33. Qe2 Ra8 34. Nd2 Qc6 35. Nf3 Kg8 36. Bc2 Qc7 37. Ng4 Nd5 38.
Qd2 Kh7 39. Be4 Rac8 40. Bc2 Rcd8 41. Be4 Bg7 42. Bc2 f5 43. Ne3 Ndf4 44. Qd1 Qc6 45. Bxf4 Nxf4 46. Kh2 e5 47. d5 Nxd5 48. Nxd5 Qxd5 49.
Qe2 e4 50. Nd4 Bxd4 51. cxd4 Qxd4 52. Bb3 Qe5+ 53. g3 d5 54. Rac1 Re7 55. Rc2 d4 56.
Qd2 d3 57. Rc3 h5 58. h4 Qd4 59. Re3 Red7 60. Rc1 Rf8 61. Ree1 Qe5 62. Qb4 Qf6 63. Be6 Rg7 64. Qxb6 f4 65. Rc7 d2 66. Rd1 fxg3+ 67.
fxg3 Qf2+ 68. Qxf2 Rxf2+ 69. Kg1 e3 70. Rxg7+ Kxg7 71. Bc4 Rg2+ 72. Kf1 Rxg3 73. Be2 Rh3 74. Bd3 Bf3 75. Be2 Rh1# 0-1

[Event "*** Qualifier 1: Titled Tuesday 3|2 Blitz"]
[Site "Chess.com"]
[Date "2017.04.04"]
[Round "2"]
[White "Ginger_GM"]
[Black "Keranke"]
[Result "1/2-1/2"]
[WhiteElo "2482"]
[BlackElo "2706"]
[TimeControl "180+2"]
[EndTime "13:27:31 PDT"]
[Termination "Game drawn by agreement"]

1. d4 d5 2. c4 dxc4 3. e3 e5 4.
Bxc4 exd4 5. exd4 Bd6 6. Qe2+ Qe7 7. Qxe7+ Nxe7 8. Nf3 O-O 9. O-O Nbc6 10. h3 Nf5 11. Rd1 Bd7 12. Nc3 h6 13. g4 Nfe7 14.
Be3 Ng6 15. Nb5 Bf4 16. Rac1 a6 17. Nc3 Rfe8 18. Re1 Rad8 19. Nd5 Bd6 20. Nc3 Nf4 21. Bxf4 Bxf4 22. Rcd1 Kf8 23. a3 Rxe1+ 24. Rxe1 Re8 25. Rd1 h5 26. gxh5 Bxh3 27. Ne2 Bd6 28. Ng5 Bg4 29. f3 Bxh5 30. Kf2 Bg6 31. Ng3 Nxd4 32. N3e4 Nf5 33. Rh1 Be5 34. b4 Bd4+ 35. Ke2 Ng3+ 36. Kd3 Nxh1 37.
Kxd4 Bxe4 38. Nxe4 f5 39. Nc5 b6 40. Nxa6 Re7 41.
Nb8 g5 42. a4 g4 43. fxg4 fxg4 44. a5 c5+ 45. bxc5 bxa5 46. Nc6 g3 47. Bd5 Rd7 48.
Ne5 Rg7 49. Bxh1 g2 50. Bxg2 Rxg2 51. c6 Ke7 52. Kc5 a4 53. Nc4 Rc2 54. Kb4 Kd8 55. Na5 Ra2 56. Kb5 Kc7 57. Kb4 Ra1 58. Nc4 Rb1+ 59.
Kxa4 Kxc6 60. Na5+ Kc5 61. Nb3+ Kc4 62. Na5+ Kc3 63. Nc6 Rb6 64. Na5 Rb4+ 65. Ka3 Rb5 66. Ka4 Rb6 67. Ka3 Kd4 68. Ka4 Kc5 69. Nb3+ Kc4 70.
Na5+ Kc3 71. Ka3 Rb4 72. Nc6 Rb5 73. Ka4 Rc5 74. Na5 Rh5 75. Nb7 Kc4 76. Na5+ Kc3 77. Nb7 Rd5 78. Na5 Rc5 79. Nb7 Rc7 80. Na5 Rc5 81. Nb7 Re5 82. Na5 Rd5 83. Nb7 Kc4 84. Na5+ Kc5 85. Nb3+ Kc4 86. Na5+ Kc3 87. Nb7 1/2-1/2

[Event "*** Qualifier 1: Titled Tuesday 3|2 Blitz"]
[Site "Chess.com"]
[Date "2017.04.04"]
[Round "2"]
[White "nonscitis"]
[Black "evgenyermolaev"]
[Result "0-1"]
[WhiteElo "2359"]
[BlackElo "2380"]
[TimeControl "180+2"]
[EndTime "13:28:08 PDT"]
[Termination "evgenyermolaev won on time"]

1. e4 c5 2. Nf3 d6 3. d4 cxd4 4.
Nxd4 Nf6 5. Nc3 a6 6. Bg5 e6 7. Qe2 Nbd7 8. O-O-O Qc7 9. Kb1 b5 10. f4 Bb7 11. a3 Be7 12. g3 h6 13. Bh4 Rg8 14. Bxf6 Nxf6 15. Bg2 Qc4 16. Qd2 g5 17. e5 Nd5 18. Nxd5 Bxd5 19. Bxd5 Qxd5 20. exd6 Bxd6 21.
Rhe1 O-O-O 22. Qc3+ Qc5 23. Qf3 Qd5 24. Qxd5 exd5 25.
Nc6 Rd7 26. Rxd5 gxf4 27. Rxd6 Rxd6 28. Ne7+ Kd8 29. Nxg8 fxg3 30. hxg3 Rg6 31. Ne7 Rxg3 32. Nc6+ Kc7 33. Nb4 h5 34. Nxa6+ Kb6 35. Nb4 h4 36. Nd5+ Kc5 37. Nf4 Rf3 38. Nd3+ Kd4 39. Ka2 h3 40. Rh1 Ke3 41. Ne1 Rg3 42. a4 bxa4 43. c4 Kd4 44. c5 Kxc5 45. Kb1 Kd4 46. Kc2 Ke3 47.
Kd1 Kf2 48. Kd2 Rg1 49. Rh2+ Kg3 50. Re2 h2 51. Re3+ Kf2 52. Nd3+ Kf1 53. Rf3+ Kg2 54.
Rf2+ Kg3 55. Rxf7 h1=Q 56. Rg7+ Kf3 57. Rf7+ Kg2 58. Rg7+ Kf3 59. Rf7+ Kg3 60. Rg7+ Kh4 61. Rh7+ Kg5 62. Rxh1 Rxh1 63. Nc5 Rh4 64. Kc3 Kf5 65. b4 a3 66. Kb3 Rh3+ 67. Ka2 Ke5 68. b5 Kd5 69.
Na4 Kc4 70. b6 Kb4 71. b7 Rh2+ 72.
Ka1 Rh8 73. Nb6 Rb8 74. Nd5+ Kc5 75. Nc3 Kb4 76. Nd5+ Kb3 77. Nf6 Rxb7 78. Ne4 Rh7 79. Nd2+ Kc3 80. Ne4+ Kb4 81. Ka2 Rh2+ 82. Ka1 Re2 83.
Nd6 Kb3 0-1